 Dungeon Crawl Stone Soup version 0.24.0-123-gd5b16e6ec5 (webtiles) character file.

Game seed: 7597547381050740073, levelgen mode: deterministic

76051 Peloso the Peltast (level 15, -10/137 HPs)
             Began as a Minotaur Fighter on Dec 23, 2019.
             Was the Champion of Okawaru.
             Killed from afar by Frances (48 damage)
             ... with an iron shot
             ... on level 13 of the Dungeon.
             The game lasted 01:04:01 (20860 turns).

Peloso the Peltast (Minotaur Fighter)              Turns: 20860, Time: 01:04:01

Health: -10/137    AC: 27    Str: 28    XL:     15   Next: 11%
Magic:  13/13      EV: 12    Int:  8    God:    Okawaru [******]
Gold:   1659       SH: 14    Dex: 18    Spells: 14/14 levels left

rFire    + + .     SeeInvis .   a - +1 scimitar (flame)
rCold    + + .     Gourm    .   c - +2 buckler {rC+}
rNeg     . . .     Faith    .   G - +0 plate armour
rPois    .         Spirit   .   F - +1 hat {Int+3}
rElec    .         Reflect  +   j - +1 cloak of the King of the Hill {+Fly rF+ Dex+3 Stlth-}
rCorr    +         Harm     .   r - +1 pair of gloves {Str+3}
MR       ++...                  S - +3 pair of boots of the Imp {rCorr Dex+3}
Stlth    ..........             Q - +3 amulet of reflection
HPRegen  0.32/turn              I - ring of protection from fire
MPRegen  0.13/turn              m - ring of Autumn {rC+ MR+ rCorr}

@: no status effects
A: retaliatory headbutt, horns 2, low mp 1
a: Heroism, Finesse, Renounce Religion, Evoke Flight


You were on level 13 of the Dungeon.
You worshipped Okawaru.
Okawaru was exalted by your worship.
You were not hungry.

You visited 3 branches of the dungeon, and saw 20 of its levels.
You also visited: Gauntlet and Volcano.

You collected 1659 gold pieces.

Inventory:

Hand Weapons
 a - a +1 scimitar of flaming (weapon)
 b - a +4 long sword
 U - the +4 broad axe of Radicalism {chop, rF+ rN+}
   (Okawaru gifted it to you on level 5 of the Lair of Beasts)

   It inflicts extra damage upon your enemies.
   It protects you from fire.
   It protects you from negative energy.
Armour
 c - a +2 buckler of cold resistance (worn)
 j - the +1 cloak of the King of the Hill (worn) {+Fly rF+ Dex+3 Stlth-}
   (You found it in a Gauntlet)

   It affects your dexterity (+3).
   It protects you from fire.
   It lets you fly.
   It makes you less stealthy.
 r - a +1 pair of gloves of strength (worn)
 x - a +1 pair of boots of running
 F - a +1 hat of intelligence (worn)
 G - a +0 plate armour (worn)
 S - the +3 pair of boots of the Imp (worn) {rCorr Dex+3}
   (Okawaru gifted it to you on level 12 of the Dungeon)

   It affects your dexterity (+3).
   It provides partial protection from all sources of acid and corrosion.
 X - a +2 pair of boots of flying
Jewellery
 m - the ring of Autumn (right hand) {rC+ MR+ rCorr}
   (You found it in a Gauntlet)

   [ring of resist corrosion]

   It protects you from cold.
   It affects your resistance to hostile enchantments.
   It provides partial protection from all sources of acid and corrosion.
 w - an uncursed ring of stealth
 y - an uncursed ring of protection from cold
 I - a ring of protection from fire (left hand)
 N - a +3 amulet of reflection
 P - a +2 ring of dexterity
 Q - a +3 amulet of reflection (around neck)
Wands
 i - a wand of iceblast (14)
 q - a wand of random effects (23)
 A - a wand of digging (10)
Scrolls
 d - a scroll of amnesia
 g - 6 scrolls of remove curse
 h - 7 scrolls of teleportation
 o - a scroll of acquirement {unknown}
 t - a scroll of fog
 v - a scroll of enchant armour
 J - a scroll of noise {unknown}
 L - 2 scrolls of magic mapping
 M - 3 scrolls of immolation {unknown}
 O - 5 scrolls of identify
 T - 2 scrolls of torment {unknown}
 V - a scroll of vulnerability {unknown}
 W - a scroll of blinking {unknown}
 Y - a scroll of enchant weapon
Potions
 e - a potion of invisibility
 k - a potion of might
 l - 6 potions of curing
 n - 2 potions of resistance
 s - a potion of agility
 u - 5 potions of brilliance
 z - 7 potions of heal wounds
 B - 3 potions of haste
 C - 2 potions of cancellation
 D - 3 potions of ambrosia {unknown}
 E - a potion of mutation
 H - a potion of experience {unknown}
 R - a potion of berserk rage
 Z - a potion of flight {unknown}
Miscellaneous
 p - a box of beasts
Comestibles
 f - 37 rations
 K - 2 chunks of flesh


   Skills:
 + Level 13.9 Fighting
   Level 1.3(10.1) Short Blades
 + Level 16.0 Long Blades
 + Level 13.8 Armour
 + Level 5.6 Dodging
 + Level 1.7 Stealth
 + Level 17.7 Shields
 + Level 2.0 Invocations
 + Level 0.5 Evocations


You had 14 spell levels left.
You didn't know any spells.
Your spell library contained the following spells:

 Spells                   Type           Power        Failure   Level  Hunger
 Animate Skeleton         Necr           N/A          95%         1    ##.....
 Apportation              Tloc           #.....       95%         1    ##.....
 Confusing Touch          Hex            #.....       95%         1    ##.....
 Flame Tongue             Conj/Fire      #....        95%         1    ##.....
 Infusion                 Chrm           #...         95%         1    ##.....
 Summon Small Mammal      Summ           #...         95%         1    ##.....
 Shroud of Golubria       Chrm/Tloc      #.....       99%         2    ###....
 Song of Slaying          Chrm           #.......     99%         2    ###....
 Throw Flame              Conj/Fire      #.....       99%         2    ###....
 Confuse                  Hex            #.......     100%        3    ####...
 Conjure Flame            Conj/Fire      #.......     100%        3    ####...
 Gell's Gravitas          Tloc           #.........   100%        3    ####...
 Inner Flame              Hex/Fire       #.......     100%        3    ####...
 Regeneration             Chrm/Necr      #.........   100%        3    ####...
 Spectral Weapon          Hex/Chrm       #.......     100%        3    ####...
 Petrify                  Tmut/Erth      #.......     100%        4    #####..
 Sticky Flame             Conj/Fire      #.......     100%        4    #####..
 Fireball                 Conj/Fire      #.........   100%        5    ######.
 Metabolic Englaciation   Hex/Ice        #.........   100%        5    ######.
 Yara's Violent Unravell  Hex/Tmut       #.........   100%        5    ######.


Dungeon Overview and Level Annotations

Branches:
Dungeon (14/15)            Temple (1/1) D:4            Lair (5/6) D:10
 Shoals (0/4) Lair:4        Snake (0/4) Lair:2        Slime (0/5) Lair:5
    Orc (0/2) D:12         Vaults (0/5) D:13        Volcano (visited)
Gauntlet (visited)

Altars:
Ashenzari
Cheibriados
Dithmenos
Elyvilon
Fedhas
Gozag
Hepliaklqana
Makhleb
Nemelex Xobeh
Okawaru
Qazlal
Trog
Uskayaw
Vehumet
Wu Jian
Xom
Yredelemnul
Zin
The Shining One
Jiyva

Shops:
D:11 %

Annotations:
D:13 Frances


Innate Abilities, Weirdness & Mutations

You reflexively headbutt those who attack you in melee.
You have a pair of horns on your head.
Your magical capacity is low. (-10% MP)


Message History

You slice Frances!! You burn Frances. You headbutt Frances, but do no damage.
Frances is almost dead.
Frances mutters in a terrible tongue.
You closely miss Frances.
Frances is almost dead.
Frances mutters in a terrible tongue.
The shard of ice hits you!! You partially resist.
* * * LOW HITPOINT WARNING * * *
Unknown command.
You feel much better.
Frances screams a word of power!
The ice devil hits you but does no damage.
Frances misses you.
You hit Frances. You burn Frances. You headbutt Frances.
Frances is almost dead.
You block the ice devil's attack.
Frances says, "I speak the language of demons!"
Frances mutters in a terrible tongue.
The iron shot hits you!!!
You die...

#.######.#####.## #.#
#.............#.# #.#
###.####.#####.## #.# #.# #.#
###########.###
#####.####.####.............#
#...........)......(##..###.#
#.###.####.###4..##)#...# #.#
#.# #)# #.##@#.#.#)#...###.#
##.# #)# #)#@##.##.#........)
#..# #)# #)44†.....##.....###
#.## #(# ###.##.##.#...####
#.# #.# ##.#.#.#.#..######
#.# #(# ##...##.#........ #)#
#.###### ##.###.#.##.#### #.#
#(.....# #.# #.#.#.##### #.#
######.# #.# #.....# #.. #.#
#######.####.###...#.###.#


You could see Frances, an ice devil, a rust devil and a red devil.

Vanquished Creatures
  Gastronok (D:10)
  Azrael (D:13)
  A minotaur (Gauntlet)
  8 hydras
  A vault guard (D:13)
  A catoblepas (D:13)
  2 two-headed ogres
  3 centaur warriors
  9 death yaks
  A hell knight (Volcano)
  7 skeletal warriors (D:13)
  A salamander mystic (Volcano)
  An unseen horror (D:10)
  4 wizards (D:13)
  2 orc knights
  A lindwurm (Lair:5)
  3 cyclopes
  3 deep elf magi
  5 salamanders (Volcano)
  3 large abominations (Gauntlet)
  An ugly thing (D:13)
  A manticore (D:11)
  3 black mambas
  Maurice (D:13)
  2 rime drakes
  A centaur skeleton (D:14)
  7 spiny frogs
  A gargoyle (Volcano)
  3 komodo dragons
  2 hornets (Gauntlet)
  4 trolls
  6 polar bears
  Prince Ribbit (D:9)
  7 blink frogs
  9 hippogriffs
  A slime creature (Lair:5)
  3 shadows (Gauntlet)
  A wyvern (D:13)
  4 wraiths
  3 fire elementals
  19 humans (D:13)
  7 fire bats (Volcano)
  63 yaks
  4 vampire mosquitoes
  Menkaure (D:7)
  7 nagas (Lair:2)
  A warg (D:12)
  Edmund (D:5)
  3 swamp worms (Lair:5)
  6 water moccasins
  2 hell hounds (D:13)
  8 orc warriors
  4 porcupines
  2 ice beasts (D:11)
  5 phantoms
  A swamp drake (Lair:5)
  5 sky beasts
  4 eyes of draining
  A black bear (Lair:3)
  2 necrophages (D:8)
  26 wolves (Lair:1)
  10 ogres
  17 centaurs
  14 crocodiles
  6 big kobolds
  14 bullfrogs
  An elf skeleton (D:8)
  2 gnoll sergeants
  An elf zombie (D:8)
  3 small abominations (Gauntlet)
  2 wyvern skeletons
  A troll zombie (D:8)
  7 scorpions
  3 wights (D:11)
  19 killer bees
  2 vampire bats (D:13)
  4 howler monkeys
  2 centaur zombies
  3 crimson imps
  6 lava snakes (Volcano)
  4 bullfrog zombies
  13 hounds
  6 jellies
  3 human zombies (D:8)
  11 orc wizards
  Crazy Yiuf (D:7)
  3 bullfrog skeletons
  14 orc priests
  Terence (D:2)
  A human skeleton (D:8)
  10 worker ants
  Ijyb (D:5)
  3 iguanas
  A hound zombie (D:5)
  A mummy (D:8)
  2 worker ant zombies
  16 gnolls
  3 howler monkey skeletons
  7 adders
  A shadow imp (D:13)
  4 worms
  4 adder skeletons
  2 dart slugs
  4 leopard geckos
  46 orcs
  4 ball pythons
  5 giant cockroaches
  15 goblins
  7 hobgoblins
  6 jackals (D:3)
  6 quokkas
  15 bats
  7 frilled lizards
  A jackal skeleton (D:8)
  32 kobolds
  A quokka skeleton (D:6)
  5 rats
  A bush (D:7)
675 creatures vanquished.

Vanquished Creatures (others)
  An unseen horror (D:11)
  A vampire mosquito (D:14)
  4 centaurs
  A bullfrog (D:11)
  2 orcs (D:11)
  A kobold (D:12)
  4 fungi
  5 plants
19 creatures vanquished.

Grand Total: 694 creatures vanquished

Notes
Turn   | Place    | Note
-------+----------+-------------------------------------------
     0 | D:1      | Peloso the Minotaur Fighter began the quest for the Orb.
     0 | D:1      | Reached XP level 1. HP: 19/19 MP: 0/0
   219 | D:1      | Reached XP level 2. HP: 27/27 MP: 1/1
  1012 | D:2      | Reached XP level 3. HP: 32/34 MP: 2/2
  1138 | D:2      | Found a stormy altar of Qazlal.
  1202 | D:2      | Noticed Terence
  1210 | D:2      | Killed Terence
  1210 | D:2      | Reached skill level 4 in Shields
  1296 | D:2      | Reached XP level 4. HP: 41/41 MP: 3/3
  1742 | D:2      | Found a burning altar of Makhleb.
  1932 | D:3      | Found a glowing golden altar of the Shining One.
  1981 | D:3      | Reached XP level 5. HP: 47/47 MP: 4/4
  2003 | D:3      | Found a glowing silver altar of Zin.
  2036 | D:3      | Found a sparkling altar of Nemelex Xobeh.
  2064 | D:3      | Reached skill level 1 in Dodging
  2544 | D:4      | Noticed an ogre
  2573 | D:4      | Reached XP level 6. HP: 32/53 MP: 5/5
  2575 | D:4      | Reached skill level 5 in Long Blades
  2575 | D:4      | Reached skill level 5 in Armour
  2575 | D:4      | Reached skill level 5 in Shields
  2588 | D:4      | Found a staircase to the Ecumenical Temple.
  2611 | Temple   | Entered the Ecumenical Temple
  2706 | Temple   | Became a worshipper of Warmaster Okawaru
  2780 | D:4      | Reached XP level 7. HP: 19/60 MP: 6/6
  2784 | D:4      | Reached skill level 5 in Fighting
  2965 | D:4      | Reached * piety under Okawaru
  3284 | D:5      | Entered Level 5 of the Dungeon
  3334 | D:5      | Noticed Edmund
  3361 | D:5      | Killed Edmund
  3369 | D:5      | Reached skill level 6 in Shields
  3665 | D:5      | Reached XP level 8. HP: 48/70 MP: 7/7
  3674 | D:5      | Noticed Ijyb
  3685 | D:5      | Killed Ijyb
  3907 | D:6      | Reached ** piety under Okawaru
  3987 | D:6      | Found a hide-covered altar of Uskayaw.
  4075 | D:6      | Reached skill level 7 in Shields
  4551 | D:7      | Reached XP level 9. HP: 78/78 MP: 8/8
  4623 | D:7      | Reached *** piety under Okawaru
  4823 | D:7      | Reached skill level 8 in Shields
  4946 | D:7      | Found a blossoming altar of Fedhas.
  4973 | D:6      | Found a shattered altar of Ashenzari.
  4973 | D:6      | Found a snail-covered altar of Cheibriados.
  5177 | D:7      | Found a runed translucent door.
  5178 | D:7      | Noticed Crazy Yiuf
  5408 | D:7      | Noticed Menkaure
  5414 | D:7      | Killed Menkaure
  5527 | D:7      | Killed Crazy Yiuf
  5631 | D:8      | Noticed a cyclops
  5642 | D:7      | Reached skill level 9 in Shields
  5702 | D:8      | Killed a cyclops
  5702 | D:8      | Reached **** piety under Okawaru
  5702 | D:8      | Reached skill level 10 in Long Blades
  5714 | D:8      | Got a distressingly furry ring mail
  5725 | D:8      | Identified the cursed +1 ring mail "Orchy" {-Cast Str+7}
                  | (You found it on level 8 of the Dungeon)
  5776 | D:8      | Found a basalt altar of Yredelemnul.
  5913 | D:8      | Reached XP level 10. HP: 81/86 MP: 0/9
  5973 | D:8      | Reached skill level 10 in Shields
  6315 | D:8      | Found a sparkling altar of Nemelex Xobeh.
  6388 | D:9      | Found an ornate altar of the Wu Jian Council.
  6587 | D:9      | Reached ***** piety under Okawaru
  6724 | D:9      | Noticed Prince Ribbit
  6736 | D:9      | Killed Prince Ribbit
  6992 | D:9      | Received a gift from Okawaru
  7001 | D:9      | Identified a +1 pair of boots of running (Okawaru gifted it
                  | to you on level 9 of the Dungeon)
  7076 | D:10     | Entered Level 10 of the Dungeon
  7078 | D:10     | Found a staircase to the Lair.
  7078 | D:10     | Noticed a two-headed ogre
  7105 | D:9      | Killed a two-headed ogre
  7273 | D:9      | Reached XP level 11. HP: 86/97 MP: 10/10
  7342 | D:10     | Reached skill level 11 in Shields
  7399 | D:10     | Killed an unseen horror
  7466 | D:10     | Noticed Gastronok
  7498 | D:10     | Killed Gastronok
  7699 | D:10     | Noticed a centaur warrior
  7700 | D:10     | Noticed a deep elf mage
  7717 | D:10     | Killed a centaur warrior
  7717 | D:10     | Reached skill level 10 in Armour
  7718 | D:10     | Noticed an orc knight
  7727 | D:10     | Gained mutation: Your magical capacity is low. (-10% MP) [a
                  | neqoxec]
  7728 | D:10     | Killed a deep elf mage
  7822 | D:9      | Killed an orc knight
  7822 | D:9      | Reached skill level 12 in Shields
  7891 | D:10     | Received a gift from Okawaru
  8002 | D:10     | Noticed an orc knight
  8039 | D:10     | Killed an orc knight
  8423 | D:10     | Reached XP level 12. HP: 106/106 MP: 9/9
  8960 | D:11     | Reached skill level 10 in Fighting
  8969 | D:11     | Received a gift from Okawaru
  9240 | D:11     | Reached skill level 5 in Dodging
  9273 | D:11     | Noticed a two-headed ogre
  9286 | D:11     | Killed a two-headed ogre
  9369 | D:11     | Reached skill level 13 in Shields
  9671 | D:11     | Noticed a seven-headed hydra
  9789 | D:12     | Reached ****** piety under Okawaru
 10028 | D:12     | Received a gift from Okawaru
 10053 | D:12     | Got a pair of ichor-stained boots {god gift}
 10068 | D:12     | Identified the +3 pair of boots of the Imp {rCorr Dex+3}
                  | (Okawaru gifted it to you on level 12 of the Dungeon)
 10135 | D:12     | Found a staircase to the Orcish Mines.
 10345 | D:12     | Reached skill level 14 in Shields
 10947 | D:13     | Reached XP level 13. HP: 116/116 MP: 10/10
 10948 | D:13     | Noticed Maurice
 11204 | D:13     | Reached skill level 15 in Shields
 11373 | D:13     | Killed Maurice
 11814 | D:13     | Reached skill level 1 in Stealth
 12270 | D:13     | Found a gate to the Vaults.
 12691 | D:11     | Found Cysm's Food Shop.
 12702 | D:11     | Received a gift from Okawaru
 12702 | D:11     | Reached skill level 15 in Long Blades
 12808 | Lair:1   | Entered Level 1 of the Lair of Beasts
 12851 | Lair:1   | Reached skill level 1 in Invocations
 12880 | Lair:1   | Found a gate leading to a gauntlet.
 12898 | Gauntlet | Entered a Gauntlet
 12898 | Gauntlet | Found a transporter.
 12908 | Gauntlet | Found a transporter.
 12910 | Gauntlet | Found a transporter.
 12926 | Gauntlet | Found a transporter.
 12942 | Gauntlet | Found a transporter.
 12950 | Gauntlet | Found a transporter.
 12965 | Gauntlet | Noticed a dire elephant
 12966 | Gauntlet | Found a transporter.
 12986 | Gauntlet | Found a transporter.
 13046 | Gauntlet | Found a transporter.
 13053 | Gauntlet | Found a transporter.
 13055 | Gauntlet | Found a transporter.
 13076 | Gauntlet | Found a transporter.
 13082 | Gauntlet | Found a transporter.
 13084 | Gauntlet | Found a transporter.
 13108 | Gauntlet | Found a transporter.
 13114 | Gauntlet | Found a transporter.
 13165 | Gauntlet | Found a transporter.
 13304 | Gauntlet | Got a dazzling cloak
 13315 | Gauntlet | Identified the +1 cloak of the King of the Hill {+Fly rF+
                  | Dex+3 Stlth-} (You found it in a Gauntlet)
 13541 | Gauntlet | Got a fine wooden ring
 13542 | Gauntlet | Identified the ring of Autumn {rC+ MR+ rCorr} (You found it
                  | in a Gauntlet)
 13544 | Gauntlet | Got a pitted halberd
 13774 | Gauntlet | Identified the +10 morningstar "Xofief" {crush, MR+}
 13774 | Gauntlet | Noticed a minotaur
 13800 | Gauntlet | Killed a minotaur
 13816 | Gauntlet | Got a faintly glowing flail
 13819 | Gauntlet | Identified the +2 flail of the Grave {drain, MR++} (You
                  | found it in a Gauntlet)
 13825 | Gauntlet | Identified the +9 halberd of Immorality {chop, Str+4} (You
                  | found it in a Gauntlet)
 14254 | Lair:1   | Reached XP level 14. HP: 105/127 MP: 12/12
 14552 | Lair:1   | Reached skill level 16 in Shields
 15180 | Lair:2   | Reached skill level 1 in Short Blades
 15274 | Lair:2   | Found a staircase to the Snake Pit.
 16728 | Lair:3   | Found a dark tunnel.
 16734 | Volcano  | Entered a volcano
 16912 | Volcano  | Found a radiant altar of Vehumet.
 16934 | Volcano  | Received a gift from Okawaru
 17298 | Lair:3   | Reached skill level 17 in Shields
 18055 | Lair:4   | Found a staircase to the Shoals.
 19334 | Lair:5   | Found a viscous altar of Jiyva.
 19335 | Lair:5   | Found a staircase to the Slime Pits.
 20046 | Lair:5   | Received a gift from Okawaru
 20046 | Lair:5   | Reached XP level 15. HP: 107/137 MP: 13/13
 20049 | Lair:5   | Got a jewelled broad axe {god gift}
 20050 | Lair:5   | Identified the +4 broad axe of Radicalism {chop, rF+ rN+}
                  | (Okawaru gifted it to you on level 5 of the Lair of Beasts)
 20588 | D:14     | Noticed Azrael
 20709 | D:14     | Noticed Frances
 20729 | D:13     | Killed Azrael
 20860 | D:13     | Killed from afar by Frances

Levels and vault maps discovered:
D:1:      dpeg_arrival_arbitrary_a, layout_basic
D:2:      layout_basic, makhleb_heckhound_becter, grunt_qazlal_clouds,
          first_ration, uniq_terence
D:3:      layout_loops_ring, tso_altar, lemuel_crystal_altar,
          chequers_serial_rivers_room_b, nemelex_lonely_heart_becter
D:4:      cheibrodos_greedy_goblins, layout_rooms, minmay_temple_entry_crystal_x
D:5:      layout_basic, chequers_serial_rivers_room_b, minmay_misc_feat_encased,
          uniq_ijyb, uniq_edmund
D:6:      layout_rooms, kennysheep_mini_moat, nicolae_overflow_hidden_temple
D:7:      layout_gridville, fedhas_bush_and_centaur_altar, grunt_ogre_cave,
          uniq_menkaure, uniq_crazy_yiuf_cottage
D:8:      layout_rooms, lemuel_round_altar, lemuel_mausoleum_altar_yredelemnul
D:9:      layout_roguey, kennysheep_mini, uniq_prince_ribbit1
D:10:     hangedman_cross_cluster, layout_basic, david_lair_generic,
          uniq_gastronok
D:11:     layout_long_grid, serial_shops, shop, lemuel_old_faithful
D:12:     layout_long_grid, david_orc_1_choice
D:13:     layout_loops_ring, grunt_vaults_entry_tiered, nicolae_wwwww,
          roderic_batcave, uniq_maurice
D:14:     layout_basic, hangedman_decor_push, abandoned_shop, uniq_frances,
          uniq_azrael
Temple:   pf_slime_end_temple
Lair:1:   layout_cave_pods, gauntlet_entry_generic, grunt_forest_large_clearings
Lair:2:   layout_small_grid, minmay_snake_entry_guardpost_large,
          cheibrodos_lair_lostbears, grunt_megastairs_5
Lair:3:   layout_concentric_octagons, nicolae_volcano_entry_s_turn
Lair:4:   layout_loops_ring, shoals_dummy_entry
Lair:5:   onia_ninara_swampy_vault, layout_regular_city,
          dpeg_slime_entry_enclosed_altar

Skill      XL: |  1  2  3  4  5  6  7  8  9 10 11 12 13 14 15 |
---------------+----------------------------------------------+-----
Armour         | 4 5 6 7 8 10 11 12 13 | 13.8
Fighting       | 4 5 6 7 9 11 12 13 | 13.9
Long Blades    | 3 4 5 6 9 10 12 13 14 15 16 | 16.0
Shields        | 4 5 6 7 9 10 12 14 15 17 | 17.7
Dodging        | 1 2 3 4 5 |  5.6
Stealth        | 1 |  1.7
Invocations    | 1 2 |  2.0
Short Blades   | 1 |  1.3
Evocations     | |  0.5

Action                   |  1- 3 |  4- 6 |  7- 9 | 10-12 | 13-15 || total
-------------------------+-------+-------+-------+-------+-------++-------
Melee: Long sword        |    71 |    68 |       |   386 |  1048 ||  1573
       Headbutt          |     9 |    17 |   103 |   297 |   430 ||   856
       Falchion          |       |    41 |   469 |   681 |       ||  1191
       Dagger            |       |       |       |       |    76 ||    76
       Scimitar          |       |       |       |       |    26 ||    26
Invok: Heroism           |       |       |       |     2 |    16 ||    18
       Finesse           |       |       |       |       |     3 ||     3
Evoke: Wand              |       |       |       |       |     6 ||     6
  Use: Potion            |     1 |     2 |       |       |     2 ||     5
       Scroll            |       |       |     7 |     2 |    12 ||    21
 Stab: Confused          |       |       |       |       |     1 ||     1
  Eat: Chunk             |     1 |     5 |    10 |    15 |    22 ||    53
       Ration            |       |       |       |     1 |     3 ||     4
Armor: Scale mail        |    28 |    68 |     5 |       |       ||   101
       Chain mail        |       |       |    83 |       |       ||    83
       Plate armour      |       |       |   114 |   473 |   378 ||   965
Dodge: Dodged            |    31 |    51 |   117 |   274 |   286 ||   759
Block: Shield            |    31 |    85 |   256 |   623 |   253 ||  1248
       Reflection        |       |       |       |    27 |    19 ||    46
       Buckler           |       |       |       |       |   460 ||   460
       Rpst.: Long sword |    13 |    14 |       |    22 |    62 ||   111
       Falchion          |       |     9 |    32 |    51 |       ||    92
       Scimitar          |       |       |       |       |     1 ||     1
